 Dungeon Crawl Stone Soup version 0.17.1-3-g152610e (webtiles) character file.

110 Jerry the Charlatan (level 4, -1/37 HPs)
             Began as a Demigod Artificer on Apr 1, 2016.
             Slain by Sigmund
             ... wielding a +0 scythe of protection
              (5 damage)
             ... on level 3 of the Dungeon.
             The game lasted 00:07:59 (2230 turns).

Jerry the Charlatan (Demigod Artificer)             Turns: 2230, Time: 00:07:59

Health: -1/37      AC: 18    Str: 20    XL:     4   Next: 35%
Magic:  8/8        EV:  6    Int: 16    God:
Gold:   122        SH:  0    Dex: 16    Spells: 0 memorised, 3 levels left

rFire  . . .     SeeInvis .     l - +3 dagger (protect)
rCold  . . .     Clarity  .     s - +0 plate armour
rNeg   . . .     SustAt   +     (no shield)
rPois  .         Gourm    .     t - +1 helmet
rElec  .         Spirit   .     (no cloak)
rCorr  .         Warding  .     (no gloves)
rMut   .         Stasis   .     (no boots)
MR     .....                    (no amulet)
Stlth  ..........               (no ring)
                                x - +4 ring of strength

@: not resistant to hostile enchantments, extremely unstealthy
A: high mp 1, sustain attributes
a: no special abilities


You were on level 3 of the Dungeon.
You were not hungry.

You visited 1 branch of the dungeon, and saw 3 of its levels.

You collected 122 gold pieces.

Inventory:

Hand Weapons
 a - a +0 short sword
 l - a +3 dagger of protection (weapon)
Armour
 b - a +0 leather armour
 i - a +0 scale mail
 s - a +0 plate armour (worn)
 t - a +1 helmet (worn)
Jewellery
 x - a +4 ring of strength (left hand)
 y - an uncursed amulet of faith {unknown}
Wands
 c - a wand of flame (15)
 d - a wand of enslavement (15)
 e - a wand of random effects (15)
Scrolls
 j - a scroll of blinking {unknown}
 m - 3 scrolls of remove curse
 r - a scroll of identify
Potions
 h - a potion of brilliance
 k - a potion of degeneration {unknown}
 p - a potion of curing {unknown}
 u - a potion of lignification {unknown}
 v - a potion of might {unknown}
Comestibles
 f - a bread ration
 n - a meat ration
 o - a beef jerky
 w - 4 chunks of flesh


   Skills:
 + Level 2.6 Fighting
 - Level 0.8 Short Blades
 + Level 2.5 Armour
 - Level 2.1 Dodging
 - Level 0.8 Stealth
 - Level 2.6 Evocations


You had 3 spell levels left.
You didn't know any spells.

Dungeon Overview and Level Annotations

Branches:
Dungeon (3/15)

Annotations:
D:3 Sigmund


Innate Abilities, Weirdness & Mutations

You have an increased reservoir of magic (+10% MP).
Your attributes are resistant to harm.


Message History

You hit Sigmund but do no damage.
Sigmund is moderately wounded.
You hit Sigmund.
Sigmund is moderately wounded.
Sigmund hits you with a scythe of protection.
* * * LOW HITPOINT WARNING * * *
You hit Sigmund.
Sigmund is moderately wounded.
Sigmund hits you with a scythe of protection.
* * * LOW HITPOINT WARNING * * *
You closely miss Sigmund.
Sigmund is moderately wounded.
You hit Sigmund but do no damage.
Sigmund is moderately wounded.
Sigmund casts a spell at you. The magic dart hits you!
You barely miss Sigmund.
Sigmund is moderately wounded.
Sigmund hits you with a scythe of protection.
You die...

#.##.....##.#
#.#.[.....#.#
#.#.......#.#
##....._.....#
#..#.......#.#
#..#.......#.#
#..##.....## # #
#..####.####...#
#@..............
#@.............#
################


You could see Sigmund.

Vanquished Creatures
  Robin (D:2)
  2 adders (D:2)
  An adder skeleton (D:3)
  3 worms (D:2)
  2 orcs (D:3)
  7 bats
  2 giant cockroaches
  16 goblins
  10 hobgoblins
  5 jackals
  A quokka (D:2)
  2 ball pythons
  2 giant geckos
  3 giant newts
  4 kobolds
  4 rats
65 creatures vanquished.

Notes
Turn   | Place    | Note
--------------------------------------------------------------
     0 | D:1      | Jerry the Demigod Artificer began the quest for the Orb.
     0 | D:1      | Reached XP level 1. HP: 15/15 MP: 5/5
    64 | D:1      | Reached skill level 1 in Fighting
   450 | D:1      | Reached skill level 1 in Armour
   525 | D:1      | Reached XP level 2. HP: 18/23 MP: 6/6
  1123 | D:2      | Reached XP level 3. HP: 26/29 MP: 7/7
  1604 | D:2      | Noticed Robin
  1628 | D:2      | Reached XP level 4. HP: 35/37 MP: 8/8
  1651 | D:2      | Killed Robin
  2165 | D:3      | Found a blossoming altar of Fedhas.
  2181 | D:3      | Noticed Sigmund
  2230 | D:3      | Slain by Sigmund

Action                   |  1- 3 |  4- 6 || total
-------------------------+-------+-------++-------
Melee: Short sword       |    94 |       ||    94
       Dagger            |   128 |   106 ||   234
  Use: Scroll            |       |     4 ||     4
  Eat: Chunk             |     3 |     2 ||     5
